 Dungeon Crawl Stone Soup version 0.16-a0-3803-gd4b2de5 (webtiles) character file.

777 Ololoev the Firebug (level 7, -4/41 HPs)
             Began as an Octopode Fire Elementalist on Jan 26, 2015.
             Killed from afar by Blork the orc (6 damage)
             ... with a magic dart
             ... on level 5 of the Dungeon.
             The game lasted 00:17:36 (5647 turns).

Ololoev the Firebug (Octopode Fire Elementalist)    Turns: 5647, Time: 00:17:36

Health: -4/41      AC:  1    Str:  8    XL:     7   Next: 84%
Magic:  5/12       EV: 12    Int: 19    God:
Gold:   223        SH:  0    Dex: 12    Spells: 3 memorised, 2 levels left

rFire  . . .     SeeInvis .     e - +1 dagger (venom)
rCold  . . .     Clarity  .     (no shield)
rNeg   . . .     SustAb   .     (helmet restricted)
rPois  .         Gourm    .     (no amulet)
rElec  .         Spirit   .     (no ring)
rCorr  .         Warding  .     (no ring)
rMut   .         Stasis   .     (no ring)
MR     .....                    (no ring)
Stlth  +++.......               (no ring)
                                (no ring)
                                (no ring)
                                (no ring)

@: hasted, very quick, not resistant to hostile enchantments, fairly stealthy
A: almost no armour, amphibious, 8 rings, constrict 8, camouflage 1, gelatinous
body 1
a: no special abilities


You were on level 5 of the Dungeon.
You were hungry.

You visited 1 branch of the dungeon, and saw 5 of its levels.

You collected 223 gold pieces.

Notes
Turn   | Place    | Note
--------------------------------------------------------------
     0 | D:1      | Ololoev, the Octopode Fire Elementalist, began the quest for the Orb.
     0 | D:1      | Reached XP level 1. HP: 11/11 MP: 3/3
   261 | D:1      | Reached XP level 2. HP: 17/17 MP: 2/4
   986 | D:2      | Found a burning altar of Makhleb.
   987 | D:2      | Reached XP level 3. HP: 21/21 MP: 6/6
  1023 | D:2      | Found a sacrificial altar of Ru.
  1204 | D:2      | Noticed Terence
  1209 | D:2      | Killed Terence
  1322 | D:2      | Noticed Sigmund
  1347 | D:2      | Learned a level 3 spell: Conjure Flame
  1677 | D:2      | Reached XP level 4. HP: 24/27 MP: 5/7
  1944 | D:2      | Killed Sigmund
  1944 | D:2      | Reached skill level 4 in Conjurations
  1944 | D:2      | Reached XP level 5. HP: 26/31 MP: 0/9
  3176 | D:3      | Reached XP level 6. HP: 30/36 MP: 10/10
  3182 | D:3      | Learned a level 4 spell: Sticky Flame
  3822 | D:4      | Reached skill level 5 in Conjurations
  3822 | D:4      | Reached skill level 5 in Fire Magic
  3925 | D:4      | Found a sparkling altar of Nemelex Xobeh.
  4233 | D:4      | Found a sparkling altar of Nemelex Xobeh.
  4259 | D:4      | Noticed Robin
  4265 | D:4      | Killed Robin
  4437 | D:4      | Noticed Edmund
  4442 | D:4      | Killed Edmund
  4442 | D:4      | Reached XP level 7. HP: 14/41 MP: 3/12
  5017 | D:5      | Entered Level 5 of the Dungeon
  5091 | D:5      | Reached skill level 6 in Conjurations
  5591 | D:5      | Noticed Blork the orc
  5646 | D:5      | HP: 1/41 [Blork the orc/puff of flame (7)]
  5647 | D:5      | Killed from afar by Blork the orc

Inventory:

Hand weapons
 e - a +1 dagger of venom (weapon)
Scrolls
 a - a scroll of amnesia {unknown}
 f - 4 scrolls of remove curse {unknown}
 h - 5 scrolls of identify {unknown}
 l - 2 scrolls of teleportation {unknown}
 m - a scroll of noise {unknown}
 p - 3 scrolls of enchant armour {unknown}
 s - a scroll of recharging {unknown}
 v - 3 scrolls of enchant weapon {unknown}
 w - a scroll of immolation {unknown}
Potions
 d - a potion of restore abilities {unknown}
 g - 4 potions of curing {unknown}
 j - a potion of heal wounds {unknown}
 n - a potion of poison {unknown}
 o - a potion of experience {unknown}
 q - 2 potions of flight {unknown}
 r - a potion of agility
 u - a potion of brilliance {unknown}
 x - a potion of lignification {unknown}
Books
 b - a book of Flames

   Spells                             Type                      Level
   a - Flame Tongue                   Conjuration/Fire             1
   b - Throw Flame                    Conjuration/Fire             2
   c - Conjure Flame                  Conjuration/Fire             3
   d - Inner Flame                    Hexes/Fire                   3
   e - Sticky Flame                   Conjuration/Fire             4
   f - Fireball                       Conjuration/Fire             5
Comestibles
 c - 7 bread rations
 k - a meat ration

Table legend:
 A = Turns spent in this place as a percentage of turns spent in the entire game.
 B = Non-inter-level travel turns spent in this place as a percentage of non-inter-level travel turns spent in the entire game.
 C = Inter-level travel turns spent in this place as a percentage of turns spent in this place.
 D = Turns resting spent in this place as a percentage of non-inter-level travel turns spent in this place.
 E = Turns spent auto-exploring this place as a percentage of non-inter-level travel turns spent in this place.
 F = Non-inter-level travel turns spent in this place divided by the number of levels of this place that you've seen.
                   A       B       C       D       E      F
               +-------+-------+-------+-------+-------+----------------------
         Total | 100.0 | 100.0 |   0.7 |   9.3 |  12.4 | 237.6
       Dungeon | 100.0 | 100.0 |   0.7 |   9.3 |  12.4 | 237.6
               +-------+-------+-------+-------+-------+----------------------


   Skills:
 - Level 2.0 Dodging
 - Level 2.6 Stealth
 + Level 2.1 Spellcasting
 * Level 6.2 Conjurations
 * Level 6.4 Fire Magic


You had 2 spell levels left.
You knew the following spells:

 Your Spells              Type           Power        Failure   Level  Hunger
a - Flame Tongue          Conj/Fire      ####.        1%          1    #......
b - Conjure Flame         Conj/Fire      ####....     4%          3    ###....
c - Sticky Flame          Conj/Fire      ####....     14%         4    #####..


Dungeon Overview and Level Annotations

Branches:
Dungeon (5/15)
 Temple: D:4-7

Altars:
Makhleb
Nemelex Xobeh
Ru

Annotations:
D:5 Blork the orc


Innate Abilities, Weirdness & Mutations

You cannot wear most types of armour.
You are amphibious.
You can wear up to eight rings at the same time.
You can use your tentacles to constrict many enemies at once.
Your skin changes colour to match your surroundings (Stealth).
Your rubbery body absorbs attacks (AC +1).


Message History

You see here a scorpion corpse.
You see here an uncursed amulet of rage.
Blork the orc shouts!
Blork the orc zaps a wand.
Blork the orc flickers and vanishes!
Deactivating autopickup; reactivate with Ctrl-A.
It is a wand of invisibility.
You are feeling hungry.
Casting: Sticky Flame
Confirm with . or Enter, or press ? or * to list all spells.
Aiming: Conjure Flame
Press: ? - help, Dir - move target cursor The fire roars!
Casting: Conjure Flame
Confirm with . or Enter, or press ? or * to list all spells.
Aiming: Conjure Flame
Press: ? - help, Dir - move target cursor The fire roars!
A hound comes into view.
Something hits you!
You hear some strange, mumbled words.
The puff of frost misses you.
You see here an uncursed amulet of rage.
Something hits you!
You hear some strange, mumbled words.
The puff of flame misses you.
You see here a scorpion corpse.
Something barely misses you.
You hear some strange, mumbled words.
The puff of flame hits you! Something hits you!
Blork the orc appears from thin air!
Reactivating autopickup.
Blork the orc points at you and mumbles some strange words.
The puff of flame hits you!
Drink which item? (? for menu, Esc to quit)
You feel yourself speed up.
Blork the orc zaps a wand.
Blork the orc flickers and vanishes!
Deactivating autopickup; reactivate with Ctrl-A.
The magic dart hits you!
You die...

#...............#
#.#
##.#####.(.....)#
#.# #.#####........#
#.# #.##.......<####
#.# #.##.##.##.##
#.# #.##.##.##.# #.#
#.......##.#######.#
####.##............#
#.###...@..######
#..)....##{#
##.###.####.#
#.#.......#.# ##
##.###.##.#.# .. ##
### #(#....# .# . ..
#......# .# ..
###..### ###..†## .#
.#.# ........# #...#
h#.....


There were no monsters in sight!

Table legend:
 A = Kills in this place as a percentage of kills in entire the game.
 B = Kills by you in this place as a percentage of kills by you in the entire game.
 C = Kills by friends in this place as a percentage of kills by friends in the entire game.
 D = Other kills in this place as a percentage of other kills in the entire game.
 E = Experience gained in this place as a percentage of experience gained in the entire game.
 F = Experience gained in this place divided by the number of levels of this place that you have seen.
                   A       B       C       D       E      F
               +-------+-------+-------+-------+-------+----------------------
         Total | 100.0 | 100.0 |  -nan |  -nan | 100.0 | 222.0
       Dungeon | 100.0 | 100.0 |  -nan |  -nan | 100.0 | 222.0
               +-------+-------+-------+-------+-------+----------------------

Vanquished Creatures
  Edmund (D:4)
  An ice beast (D:5)
  Sigmund (D:2)
  A scorpion (D:5)
  2 orc priests (D:4)
  3 orc wizards
  2 worker ants (D:5)
  An iguana (D:4)
  Terence (D:2)
  A worker ant zombie (D:5)
  Robin (D:4)
  4 gnolls (D:5)
  7 adders
  An adder skeleton (D:4)
  A giant gecko (D:4)
  15 orcs
  3 ball pythons
  8 bats
  3 giant cockroaches
  9 hobgoblins
  6 jackals
  2 quokkas
  A giant gecko skeleton (D:4)
  5 giant newts
  13 goblins
  A jackal zombie (D:5)
  10 kobolds
  12 rats
116 creatures vanquished.

Action                   |  1- 3 |  4- 6 |  7- 9 || total
-------------------------+-------+-------+-------++-------
Melee: Unarmed           |     2 |       |       ||     2
       Dagger            |    45 |    88 |    30 ||   163
 Cast: Flame Tongue      |    17 |    49 |    23 ||    89
       Conjure Flame     |     1 |     8 |     5 ||    14
       Sticky Flame      |       |     2 |     3 ||     5
  Use: Potion            |       |       |     1 ||     1
 Stab: Sleeping          |     5 |     6 |     4 ||    15
  Eat: Chunk             |     2 |    11 |     5 ||    18

Vault maps used:
D:1:      sevenhm_arrival_forest_fort_small_1, st_stairs_12
D:2:      overflow_temple_1_default, nicolae_ru_awakened_eye, first_bread,
          uniq_sigmund, uniq_terence
D:4:      nemelex_xobeh_ov_fountains_minmay, nemelex_spade_bored_becter,
          uniq_robin, uniq_edmund
D:5:      black_bear_nest_1, temple_green, serial_shops, nicolae_shop_stone,
          kennysheep_generic_room_13, uniq_blork_the_orc
